 Seeded DCSS version 0.29.1-15-g9cfb28693d (webtiles) character file.

Game seed: 3167481066243502733 (custom seed)

2483 Psyclone the Destroyer (level 9, -1/52 HPs)
             Began as a Deep Elf Conjurer on Sept 21, 2023.
             Was an Initiate of Gozag.
             Slain by a two-headed ogre
             ... wielding a +0 giant club
              (18 damage)
             ... on level 8 of the Dungeon.
             The game lasted 00:16:04 (8176 turns).

Psyclone the Destroyer (Deep Elf Conjurer)          Turns: 8176, Time: 00:16:05

Health: -1/52      AC:  6    Str:  4    XL:     9   Next: 27%
Magic:  21/33      EV: 15    Int: 33    God:    Gozag
Gold:   941        SH:  0    Dex: 13    Spells: 19/26 levels left

rFire   . . .      SeeInvis .   f - +4 quick blade
rCold   . . .      Faith    .   (no shield)
rNeg    . . .      Spirit   .   a - +0 robe
rPois   .          Reflect  .   A - +1 hat
rElec   .          Harm     .   l - +0 cloak
rCorr   .          Rampage  .   J - +0 pair of gloves "Jeokhakhli" {Int+5}
Will    .....                   e - +0 pair of boots
Stlth   ++........              j - amulet of regeneration
HPRegen 0.97/turn               v - ring of magical power
MPRegen 0.23/turn               r - +4 ring of slaying

@: no status effects
A: no striking features
a: Renounce Religion, Potion Petition, Call Merchant, Bribe Branch


You were on level 8 of the Dungeon.
You worshipped Gozag.
Gozag was pleased with you.
You visited 2 branches of the dungeon, and saw 9 of its levels.

You collected 2220 gold pieces.
You paid 1279 gold pieces to Gozag.

Inventory:

Hand Weapons
 f - a +4 quick blade (weapon)
Armour
 a - a +0 robe (worn)
 e - a +0 pair of boots (worn)
 l - a +0 cloak (worn)
 A - a +1 hat (worn)
 J - the +0 pair of gloves "Jeokhakhli" (worn) {Int+5}
   (You acquired it on level 6 of the Dungeon)

   Int:       It affects your intelligence (+5).
Magical Staves
 u - a staff of poison
Jewellery
 g - a ring of ice
 j - an amulet of regeneration (around neck)
 r - a +4 ring of slaying (right hand)
 v - a ring of magical power (left hand)
Wands
 m - a wand of paralysis (14)
 z - a wand of roots (15)
 C - a wand of polymorph (4)
 I - a wand of flame (28)
Scrolls
 c - 2 scrolls of immolation {unknown}
 h - 10 scrolls of identify {@r1}
 n - 2 scrolls of magic mapping {unknown}
 t - 2 scrolls of teleportation
 x - a scroll of fog {unknown}
 y - a scroll of summoning {unknown}
 E - a scroll of vulnerability {unknown}
Potions
 b - a potion of magic
 i - 5 potions of mutation {unknown}
 k - a potion of ambrosia {unknown}
 o - 2 potions of lignification {unknown}
 p - 2 potions of haste {unknown}
 q - 2 potions of cancellation {unknown}
 s - 2 potions of berserk rage {unknown}
 w - 2 potions of heal wounds {unknown}
 D - a potion of curing {unknown}
 G - a potion of invisibility
 H - a potion of brilliance {unknown}


   Skills:
 + Level 4.6 Fighting
 + Level 7.3 Dodging
 - Level 2.4 Stealth
 - Level 9.0 Spellcasting
 - Level 9.0 Conjurations


You had 19 spell levels left.
You knew the following spells:

 Your Spells              Type           Power      Damage    Failure   Level
a - Magic Dart            Conj           100%       1d8       1%          1
b - Searing Ray           Conj           100%       2d8       1%          2
d - Fulminant Prism       Conj/Hex       22%        3d13      4%          4

Your spell library contained the following spells:

 Spells                   Type           Power      Damage    Failure   Level
 Foxfire                  Conj/Fire      100%       2x1d9     1%          1
 Dazzling Flash           Conj/Hex       88%        N/A       1%          3
 Stone Arrow              Conj/Erth      88%        3d12      1%          3
 Mephitic Cloud           Conj/Pois/Air  34%        N/A       2%          3
 Apportation              Tloc           28%        N/A       3%          1
 Necrotise                Necr           56%        1d6       3%          1
 Sandblast                Erth           28%        2d8       3%          1
 Passwall                 Tmut/Erth      11%        N/A       4%          2
 Scorch                   Fire           28%        2d6       4%          2
 Iskenderun's Mystic Bla  Conj/Tloc      44%        2d10      4%          4
 Portal Projectile        Hex/Tloc       28%        N/A       10%         3
 Swiftness                Air            14%        N/A       10%         3
 Tukima's Dance           Hex            14%        N/A       10%         3
 Vampiric Draining        Necr           14%        2d7       10%         3
 Fireball                 Conj/Fire      22%        3d10      14%         5
 Leda's Liquefaction      Hex/Erth       7%         N/A       30%         4
 Summon Lightning Spire   Summ/Air       14%        N/A       30%         4
 Agony                    Necr           14%        N/A       65%         5
 Alistair's Intoxication  Tmut/Pois      9%         N/A       65%         5
 Blade Hands              Tmut           7%         N/A       65%         5
 Lee's Rapid Deconstruct  Erth           7%         3d7*      65%         5
 Statue Form              Tmut/Erth      9%         N/A       99%         6


Dungeon Overview and Level Annotations

Branches:
Dungeon (7/15) Zot: 26982  Temple (1/1) D:7 Zot: 5787

Altars:
Ashenzari
Cheibriados
Dithmenos
Elyvilon
Fedhas
Gozag
Hepliaklqana
Kikubaaqudgha
Makhleb
Nemelex Xobeh
Okawaru
Qazlal
Ru
Sif Muna
Trog
Uskayaw
Vehumet
Wu Jian
Xom
Yredelemnul
Zin
The Shining One

Shops:
D:7 :*


Message History

Casting: Magic Dart (safe; 1% risk of failure)
Confirm with . or Enter, or press ? or * to list all spells.
Aiming: Searing Ray (safe; 1% risk of failure)
Press: ? - help, Shift-Dir - straight line, f/p - two-headed ogre
Aim: a two-headed ogre, wielding two +0 giant clubs (moderately wounded, 92% to hit)
The searing ray hits the two-headed ogre.
The two-headed ogre is heavily wounded. (Press . to maintain the ray.)
You now have 27/33 mp.
The searing ray hits the two-headed ogre.
The two-headed ogre is heavily wounded.
You now have 26/33 mp.
The searing ray hits the two-headed ogre.
The two-headed ogre is heavily wounded.
You now have 25/33 mp.
The searing ray hits the two-headed ogre!
The two-headed ogre is severely wounded.
You finish channelling your searing ray.
The two-headed ogre misses you.
The two-headed ogre hits you with a +0 giant club!
You take 13 damage, and have 39/52 hp.
MASSIVE DAMAGE!!
You now have 24/33 mp.
Casting: Searing Ray (safe; 1% risk of failure)
Confirm with . or Enter, or press ? or * to list all spells.
Aiming: Searing Ray (safe; 1% risk of failure)
Press: ? - help, Shift-Dir - straight line, f/p - two-headed ogre
Aim: a two-headed ogre, wielding two +0 giant clubs (severely wounded, 92% to hit)
The searing ray hits the two-headed ogre.
The two-headed ogre is severely wounded. (Press . to maintain the ray.)
You now have 23/33 mp.
The searing ray hits the two-headed ogre.
The two-headed ogre is almost dead.
The two-headed ogre barely misses you.
The two-headed ogre hits you with a +0 giant club!!
You take 24 damage, and have 16/52 hp.
MASSIVE DAMAGE!!
You now have 22/33 mp.
The searing ray hits the two-headed ogre!
The two-headed ogre is almost dead.
The two-headed ogre hits you with a +0 giant club!!
You die...
Your body crumbles into a pile of gold.

#####
#...###
#.#.@.#
#...#O#
##.##.#
#.##.#
..##.#
#####.#
#.. #.#
...


You could see a two-headed ogre.

Vanquished Creatures
  A wyvern (D:7)
  A steam dragon (D:7)
  An orc warrior (D:6)
  2 sky beasts
  4 ogres
  2 centaurs
  A phantom (D:4)
  5 bullfrogs
  2 scorpions
  2 wights (D:7)
  3 killer bees (D:7)
  2 howler monkeys (D:7)
  2 jellies
  An orc priest (D:7)
  3 hounds
  6 iguanas
  A mummy (D:4)
  7 gnolls
  7 adders
  A white imp (D:5)
  2 ufetubi
  2 worms
  6 dart slugs
  10 orcs
  8 bats
  3 endoplasms
  7 giant cockroaches
  9 goblins
  8 hobgoblins
  5 jackals
  3 quokkas
  9 ball pythons
  4 frilled lizards
  10 kobolds
  3 rats
143 creatures vanquished.

Vanquished Creatures (others)
  A goblin (D:3)
  A hobgoblin (D:3)
  A quokka (D:3)
  A fulminant prism (D:8)
  13 plants (D:3)
17 creatures vanquished.

Grand Total: 160 creatures vanquished

Notes
Turn   | Place    | Note
-------+----------+-------------------------------------------
     0 | D:1      | Psyclone the Deep Elf Conjurer began the quest for the Orb.
     0 | D:1      | Reached XP level 1. HP: 10/10 MP: 6/6
   303 | D:1      | Reached XP level 2. HP: 15/15 MP: 6/8
   326 | D:1      | Found a faded altar of an unknown god.
   329 | D:1      | Reached skill level 5 in Conjurations
   934 | D:1      | Reached XP level 3. HP: 19/19 MP: 7/9
  1590 | D:2      | Found a shimmering altar of Xom.
  2178 | D:2      | Reached XP level 4. HP: 24/24 MP: 5/10
  2218 | D:2      | Identified 2 scrolls of acquirement
  2869 | D:3      | Learned a level 2 spell: Searing Ray
  3362 | D:3      | Found a shimmering altar of Xom.
  3373 | D:3      | Reached XP level 5. HP: 28/28 MP: 1/11
  3786 | D:3      | Learned a level 4 spell: Fulminant Prism
  4012 | D:4      | Found a snail-covered altar of Cheibriados.
  4405 | D:4      | Noticed a phantom
  4410 | D:4      | Killed a phantom
  4411 | D:4      | Reached XP level 6. HP: 27/32 MP: 12/12
  5131 | D:5      | Entered Level 5 of the Dungeon
  5321 | D:5      | Reached XP level 7. HP: 33/36 MP: 13/16
  5395 | D:5      | Reached skill level 5 in Spellcasting
  6251 | D:5      | Found a broken altar of Ashenzari.
  6254 | D:5      | Found a white marble altar of Elyvilon.
  6260 | D:5      | Found a hazy altar of Hepliaklqana.
  6652 | D:6      | Reached XP level 8. HP: 16/41 MP: 12/22
  6848 | D:6      | Reached skill level 1 in Fighting
  7081 | D:6      | Reached skill level 5 in Dodging
  7312 | D:6      | Acquired the Compilation of the Molten Squall
  7313 | D:6      | Acquired a +4 quick blade
  7314 | D:6      | Acquired 515 gold pieces
  7315 | D:6      | Acquired 1296 gold pieces
  7316 | D:6      | Acquired the +0 pair of gloves "Jeokhakhli" {Int+5}
  7476 | D:7      | Found a staircase to the Ecumenical Temple.
  7560 | Temple   | Entered the Ecumenical Temple
  7718 | Temple   | Became a worshipper of Gozag Ym Sagoz the Greedy
  7791 | D:7      | Reached XP level 9. HP: 39/52 MP: 24/24
  8159 | D:7      | You fall into a shaft and drop 1 floor!
  8165 | D:8      | Noticed a two-headed ogre
  8176 | D:8      | Slain by a two-headed ogre

Illustrated notes

Levels and vault maps discovered:
D:1:      lightli_arrival_boilingwater, layout_basic,
          dreamdust_ecumenical_altar_hidden_monk_grotto, reono_crystal_passage,
          st_stairs_14
D:2:      layout_rooms, basic_altar, nicolae_figureground_pulse
D:3:      layout_loops_ring, xom_confusion_cloud, serial_forest,
          infiniplex_forest_clump_cross, infiniplex_forest_clump_double,
          infiniplex_forest_lined_3, infiniplex_forest_clump_curved,
          infiniplex_forest_lined_2, infiniplex_forest_lined_2,
          infiniplex_forest_clump_curved, infiniplex_forest_clump_double,
          kennysheep_generic_room_6
D:4:      layout_gridville, slow_altar_1
D:5:      layout_loops_corners, grunt_temple_overflow_diamond, grunt_decor_cap,
          corexii_shack, minmay_fractal_squares_5
D:6:      layout_loops_ring
D:7:      layout_basic, minmay_temple_entry_drinking_statues
D:8:      layout_loops_ring, nicolae_kite_square_tiling_tiny
Temple:   minmay_crystal_spiral_temple

Skill      XL: |  1  2  3  4  5  6  7  8  9 |
---------------+----------------------------+-----
Conjurations   | 5 6 7 8 9 |  9.0
Spellcasting   | 4 8 9 |  9.0
Fighting       | 3 4 |  4.6
Dodging        | 6 7 |  7.3
Stealth        | |  2.4

Action                   |  1- 3 |  4- 6 |  7- 9 || total
-------------------------+-------+-------+-------++-------
Melee: Short sword       |       |     1 |     1 ||     2
       Quick blade       |       |       |     1 ||     1
 Cast: Magic Dart        |    85 |   103 |    68 ||   256
       Searing Ray       |       |    17 |    37 ||    54
       Fulminant Prism   |       |       |     1 ||     1
Invok: Call Merchant     |       |       |     2 ||     2
  Use: Scroll            |     3 |     1 |     5 ||     9
       Potion            |     1 |       |       ||     1
Armor: Robe              |     2 |     8 |    16 ||    26
Dodge: Dodged            |     9 |    17 |    36 ||    62
